 Dungeon Crawl Stone Soup version 0.17-a0-2217-ga280b8d (webtiles) character file.

62386 Leibowitz the Nimble (level 14, -3/183 HPs)
             Began as a Demigod Gladiator on Oct 27, 2015.
             Slain by a troll (10 damage)
             ... on level 14 of the Dungeon on Oct 28, 2015.
             The game lasted 01:57:53 (34215 turns).

Leibowitz the Nimble (Demigod Gladiator)           Turns: 34215, Time: 01:57:53

Health: -3/183     AC: 27    Str: 25    XL:     14   Next: 27%
Magic:  17/17      EV:  2    Int: 12    God:
Gold:   1526       SH:  0    Dex: 24    Spells: 0 memorised, 13 levels left

rFire  . . .     SeeInvis .     a - +1 glaive (flame)
rCold  . . .     Clarity  +     (armour currently unavailable)
rNeg   + + +     SustAt   +     (no shield)
rPois  +         Gourm    .     (helmet currently unavailable)
rElec  .         Spirit   .     (cloak currently unavailable)
rCorr  .         Warding  .     (gloves currently unavailable)
rMut   .         NoTele   +     (boots currently unavailable)
MR     +....                    D - amulet of clarity
Stlth  ++++++++..               O - ring of teleportation
                                h - +5 ring of strength

@: tree-form (expiring), somewhat resistant to hostile enchantments,
extraordinarily stealthy
A: high mp 1, (shaggy fur 0), strong 1, sustain attributes
a: Evoke Teleportation


You were on level 14 of the Dungeon.
You were near starving.
You were a tree.
You visited 3 branches of the dungeon, and saw 24 of its levels.
You also visited: Ossuary and Volcano.

You collected 2255 gold pieces.
You spent 729 gold pieces at shops.

Inventory:

Hand Weapons
 a - a +1 glaive of flaming (weapon)
 b - a +6 blowgun
 c - a +1 halberd of venom
Missiles
 d - 5 throwing nets
 u - 2 javelins (quivered)
 z - 67 poisoned needles
 W - 7 curare-tipped needles
Armour
 e - a +3 ring mail of fire resistance
 l - a +2 pair of gloves (melded)
 A - a +2 robe of positive energy
 B - a +0 pair of boots of running (melded)
 Q - a +2 scale mail of cold resistance (melded)
 S - a +2 cloak (melded)
 Z - a +0 hat of fire resistance (melded)
Jewellery
 f - an uncursed ring of see invisible
 h - a +5 ring of strength (left branch)
 q - an uncursed ring of protection from magic
 D - an amulet of clarity (around neck)
 E - an uncursed ring of flight
 K - an uncursed ring of protection from magic
 O - a ring of teleportation (right branch)
 X - an uncursed ring of protection from fire
Wands
 y - a wand of hasting (6)
 G - a wand of fireball (8)
 J - a wand of flame (43)
 L - a wand of digging (3)
 N - a wand of hasting (4)
 P - a wand of slowing (14)
 R - a wand of disintegration (21)
 U - a wand of polymorph (9)
Scrolls
 i - 8 scrolls of remove curse
 j - 15 scrolls of identify
 m - 2 scrolls of acquirement
 p - 3 scrolls of magic mapping
 v - 6 scrolls of enchant weapon
 w - 2 scrolls of enchant armour
 x - 4 scrolls of amnesia
 F - 2 scrolls of fear
 T - 3 scrolls of recharging
Potions
 g - 4 potions of haste
 k - 5 potions of agility
 o - 2 potions of berserk rage
 r - 4 potions of cure mutation
 s - a potion of heal wounds
 t - 3 potions of resistance
 C - a potion of might
 H - 4 potions of curing
 V - a potion of ambrosia
Comestibles
 n - 2 slices of pizza
 M - a meat ration
 Y - 2 fruits


   Skills:
 + Level 10.3 Fighting
   Level 0.6 Short Blades
 + Level 12.8 Polearms
 + Level 3.2 Throwing
 + Level 5.0 Armour
 + Level 13.5 Dodging
 + Level 11.0 Stealth
 + Level 0.3 Evocations


You had 13 spell levels left.
You didn't know any spells.

Dungeon Overview and Level Annotations

Branches:
Dungeon (14/15)            Temple (0/1) D:7            Lair (6/8) D:8
  Swamp (0/4) Lair:4          Orc (4/4) D:11            Elf (0/3) Orc:3
 Vaults (0/5) D:14
  Snake: Lair:3-6    Spider: Lair:3-6     Slime: Lair:6-8

Shops:
D:7 ?   D:8 !   D:10 =   Orc:2 %*([[   Orc:4 (?(([

Annotations:
D:4 Adamkad1's ghost, amateur NaFi
Lair:5 Nessos


Innate Abilities, Weirdness & Mutations

You have an increased reservoir of magic (+10% MP).
Your attributes are resistant to harm.
((You are covered in fur (AC +1).))
Your muscles are strong. (Str +2)


Message History

You're wearing all the rings you can.
Remove which one? (? for menu, Esc to cancel) < or
h - a +5 ring of strength; > or
X - a ring of protection from fire You remove your ring of protection from fire.
The centaur warrior shoots an arrow.
The arrow hits you!
* * * LOW HITPOINT WARNING * * *
You feel a slight, muted jump rush through you.
O - a ring of teleportation (right branch)
You fail to use your ability.
Your transformation is almost over.
The centaur warrior shoots an arrow.
The arrow hits you but does no damage.
You completely miss the troll.
The centaur warrior shoots an arrow.
The arrow hits you but does no damage. The troll bites you but does no damage.
The troll claws you.
* * * LOW HITPOINT WARNING * * *
The troll claws you but does no damage.
The centaur warrior shoots an arrow.
The arrow barely misses you.
Unknown command.
You hit the troll but do no damage. The troll bites you!
You die...

.# #..# #.... ..## ##..#
##..... ....# #...
#...... .....###..#
#...... ......#...#
#......
c.........#########.....
........................
......(♣(((...#.........
......TT.######....(....
..........# #....#....
..........# ##...##.###
.........## #..####.###
........## ##..#..+....
.......## ##...#..####'
......# ###....#(.#....
##......#)######


You could see a centaur warrior and 2 trolls.

Vanquished Creatures
  A stone giant (D:13)
  Azrael (D:14)
  Snorg (Orc:1)
  5 hydras
  Erolcha (Orc:3)
  2 tengu warriors (D:13)
  8 death yaks
  7 orc high priests (Orc:4)
  4 hill giants
  An orc knight (Orc:4)
  A griffon (Lair:6)
  A wizard (D:14)
  An orc sorcerer (Orc:1)
  2 lindwurms
  A manticore (D:10)
  8 elephants
  2 ugly things
  2 molten gargoyles (Volcano)
  2 gargoyles (Volcano)
  5 black mambas
  4 torpor snails (Lair:3)
  9 komodo dragons
  6 spiny frogs
  2 fire drakes
  4 trolls
  A merfolk (D:9)
  2 polar bears (Lair:3)
  A two-headed ogre (D:14)
  A blink frog (Lair:6)
  Sigmund (D:4)
  2 wyverns
  7 deep elf magi
  28 yaks
  2 basilisks
  2 wraiths
  4 fire elementals
  2 vampire mosquitoes (Lair:4)
  2 vampires
  3 fire bats (Orc:1)
  2 hungry ghosts
  A steam dragon (D:10)
  14 wolves
  8 hippogriffs
  9 swamp worms (D:9)
  6 water moccasins
  7 wargs
  4 hell hounds (D:14)
  A phantom (D:11)
  9 porcupines
  7 ogres
  A black bear (D:12)
  20 orc warriors
  An ice beast (D:9)
  5 centaurs
  2 eyes of draining
  A sky beast (D:9)
  6 crocodiles
  A big kobold (D:9)
  18 giant frogs
  2 elf zombies (Ossuary)
  A brain worm (D:9)
  A water moccasin skeleton (D:4)
  A scorpion (D:7)
  A wyvern skeleton (D:10)
  4 wights (D:9)
  5 killer bees (D:13)
  3 electric eels
  2 centaur zombies
  10 crimson imps
  A giant frog zombie (D:7)
  2 jellies
  4 centaur skeletons
  3 giant frog skeletons
  8 hounds
  40 orc wizards
  48 orc priests
  2 quasits
  13 iguanas
  9 worker ants
  8 sheep (Lair:2)
  2 hound zombies (Ossuary)
  5 mummies
  15 adders
  54 river rats
  3 gnolls (D:5)
  A shadow imp (D:8)
  An adder zombie (Ossuary)
  4 oozes
  An adder skeleton (D:5)
  10 worms
  213 orcs
  2 ball pythons
  7 bats
  2 giant cockroaches
  7 hobgoblins
  12 jackals
  6 quokkas
  A giant cockroach zombie (D:6)
  4 giant geckos
  4 giant newts
  4 gnoll zombies
  6 goblins
  2 jackal zombies (Ossuary)
  13 kobolds
  A kobold zombie (Ossuary)
  An orc zombie (Ossuary)
  2 quokka skeletons (D:5)
  6 rats
  A bush (Lair:1)
  A fungus (Lair:1)
  A plant (D:9)
822 creatures vanquished.

Vanquished Creatures (others)
  A hobgoblin zombie (Ossuary)
  2 fire vortices (Volcano)
  6 fungi
  7 plants
16 creatures vanquished.

Grand Total: 838 creatures vanquished

Notes
Turn   | Place    | Note
--------------------------------------------------------------
     0 | D:1      | Leibowitz the Demigod Gladiator began the quest for the Orb.
     0 | D:1      | Reached XP level 1. HP: 17/17 MP: 3/3
   205 | D:1      | Reached XP level 2. HP: 18/24 MP: 4/4
   297 | D:1      | Reached skill level 3 in Dodging
   684 | D:1      | Reached skill level 1 in Stealth
  1056 | D:2      | Reached XP level 3. HP: 20/29 MP: 5/5
  2286 | D:3      | Found a sparkling altar of Nemelex Xobeh.
  2351 | D:3      | Reached skill level 1 in Armour
  2351 | D:3      | Reached XP level 4. HP: 31/36 MP: 6/6
  2707 | D:3      | Found a snail-covered altar of Cheibriados.
  3039 | D:3      | Reached XP level 5. HP: 15/42 MP: 7/7
  3419 | D:3      | Found a stormy altar of Qazlal.
  3619 | D:3      | Found a basalt altar of Yredelemnul.
  3843 | D:4      | Reached skill level 4 in Dodging
  3867 | D:4      | Noticed Adamkad1's ghost (amateur NaFi)
  4125 | D:4      | Noticed Sigmund
  4140 | D:4      | Killed Sigmund
  4140 | D:4      | Reached XP level 6. HP: 47/50 MP: 8/8
  4490 | D:4      | Reached XP level 7. HP: 15/56 MP: 9/9
  5190 | D:4      | Found a glowing silver altar of Zin.
  5201 | D:5      | Entered Level 5 of the Dungeon
  5555 | D:5      | Found a sand-covered staircase.
  5608 | Ossuary  | Entered an ossuary
  5619 | Ossuary  | Reached skill level 5 in Dodging
  5966 | Ossuary  | Reached skill level 5 in Stealth
  6247 | Ossuary  | Gained mutation: Your muscles are strong. (Str +2) [potion of mutation]
  6247 | Ossuary  | Gained mutation: You are covered in fur (AC +1). [potion of mutation]
  6911 | D:5      | Reached XP level 8. HP: 42/63 MP: 10/10
  7010 | D:6      | Reached skill level 6 in Stealth
  7780 | D:6      | Found an iron altar of Okawaru.
  8042 | D:7      | Found a staircase to the Ecumenical Temple.
  8049 | D:7      | Reached skill level 7 in Stealth
  8248 | D:7      | Reached skill level 5 in Polearms
  8578 | D:7      | Found Gazxics's Magic Scroll Emporium.
  8590 | D:7      | Identified 2 scrolls of acquirement
  9143 | D:7      | Reached XP level 9. HP: 10/71 MP: 11/11
  9887 | D:7      | Found a deep blue altar of Sif Muna.
 10074 | D:8      | Found a staircase to the Lair.
 10330 | D:8      | Found Acvuotan's Distillery.
 10363 | D:8      | Bought a potion of curing for 30 gold pieces
 10363 | D:8      | Bought a potion of lignification for 30 gold pieces
 10363 | D:8      | Bought a potion of curing for 30 gold pieces
 10486 | Lair:1   | Entered Level 1 of the Lair of Beasts
 10512 | D:8      | Reached skill level 8 in Stealth
 10808 | Lair:1   | Noticed a komodo dragon
 10823 | Lair:1   | HP: 2/72 [komodo dragon (29)]
 10828 | Lair:1   | Killed a komodo dragon
 10912 | Lair:1   | Noticed a komodo dragon
 11166 | Lair:1   | Noticed a komodo dragon
 11710 | D:9      | Reached skill level 5 in Fighting
 12197 | D:9      | Reached XP level 10. HP: 81/81 MP: 13/13
 13754 | Lair:1   | Killed a komodo dragon
 13996 | Lair:1   | Noticed a black mamba
 14009 | Lair:1   | Killed a black mamba
 14037 | Lair:1   | HP: 2/83 [water moccasin (6)]
 14246 | Lair:1   | Noticed a black mamba
 14274 | Lair:1   | Killed a black mamba
 14274 | Lair:1   | Reached skill level 9 in Dodging
 14732 | Lair:1   | Killed a komodo dragon
 15437 | Lair:1   | Noticed a spiny frog
 15444 | Lair:1   | Killed a spiny frog
 15720 | Lair:2   | Reached XP level 11. HP: 63/91 MP: 14/14
 16706 | Lair:2   | Reached skill level 10 in Dodging
 18109 | Lair:3   | Found a snail-covered altar of Cheibriados.
 18465 | Lair:4   | Found a staircase to the Swamp.
 18656 | Lair:4   | Noticed a death yak
 18684 | Lair:4   | Noticed a death yak
 18684 | Lair:4   | Noticed a death yak
 18687 | Lair:4   | Killed a death yak
 18687 | Lair:4   | Reached skill level 11 in Dodging
 18708 | Lair:3   | Killed a death yak
 18931 | Lair:4   | Reached XP level 12. HP: 56/100 MP: 15/15
 19399 | Lair:4   | Noticed a four-headed hydra
 20015 | D:10     | Entered Level 10 of the Dungeon
 20172 | D:10     | Found an opulent altar of Gozag.
 21262 | D:10     | Found Terad's Jewellery Shop.
 21869 | D:11     | Reached skill level 10 in Polearms
 22038 | D:11     | Found a staircase to the Orcish Mines.
 22346 | D:11     | Reached skill level 10 in Stealth
 23426 | D:12     | Reached skill level 12 in Dodging
 23811 | Orc:1    | Entered Level 1 of the Orcish Mines
 23927 | Orc:1    | Found a dark tunnel.
 23936 | Volcano  | Entered a volcano
 24889 | Orc:2    | Found Vuhaukku's Armour Emporium.
 24914 | Orc:2    | Found Xenk's Antique Weapon Emporium.
 24925 | Orc:2    | Found Evel's Antique Armour Emporium.
 25186 | Orc:3    | Noticed Erolcha
 25195 | Orc:3    | Killed Erolcha
 25443 | Orc:3    | Found an iron altar of Okawaru.
 25506 | Orc:3    | Found a staircase to the Elven Halls.
 25854 | Orc:2    | Found Boticothri's Assorted Antiques.
 25856 | Orc:2    | Found Iruhosed's Food Boutique.
 25861 | Orc:2    | Bought a scroll labeled QIPHYABIDIG for 21 gold pieces
 25861 | Orc:2    | Bought a scratched sapphire ring for 105 gold pieces
 26083 | Orc:1    | Noticed Snorg
 26099 | Orc:1    | Killed Snorg
 26099 | Orc:1    | Reached XP level 13. HP: 69/108 MP: 16/16
 26368 | Orc:1    | Found a bloodstained altar of Trog.
 26510 | Orc:1    | Found a radiant altar of Vehumet.
 26680 | Orc:4    | Entered Level 4 of the Orcish Mines
 26712 | Orc:4    | Found a roughly hewn altar of Beogh.
 26725 | Orc:4    | Found Toapaheb's Antique Weapon Boutique.
 26770 | Orc:4    | Bought a glowing blowgun for 70 gold pieces
 27830 | Orc:4    | Found a roughly hewn altar of Beogh.
 28463 | Orc:4    | Found Voasod's Magic Scroll Boutique.
 28463 | Orc:4    | Found Wugek's Weapon Shoppe.
 28469 | Orc:4    | Bought a scroll of blinking for 97 gold pieces
 28711 | Orc:4    | Found Ecvetuv's Armour Boutique.
 28711 | Orc:4    | Found Tubagh's Antique Weapon Shoppe.
 29270 | Orc:4    | Bought a +0 pair of boots of running for 346 gold pieces
 30108 | Lair:4   | Killed a death yak
 30326 | Lair:4   | Killed a one-headed hydra
 30512 | Lair:5   | Noticed Nessos
 30867 | Lair:6   | Reached skill level 13 in Dodging
 32179 | Lair:5   | Reached skill level 10 in Fighting
 32184 | Lair:5   | Reached XP level 14. HP: 89/121 MP: 17/17
 34092 | D:14     | Noticed Azrael
 34092 | D:14     | Found a gate to the Vaults.
 34129 | D:14     | Killed Azrael
 34129 | D:14     | Reached skill level 5 in Armour
 34190 | D:14     | HP: 3/122 [centaur warrior (12)]
 34211 | D:14     | HP: 8/183 [centaur warrior/arrow (9)]
 34215 | D:14     | Slain by a troll

Vault maps used:
D:1:      sevenhm_arrival_forest_fort_large_4
D:3:      cheibriados_altar_1, nemelex_deck, grunt_qazlal_clouds,
          lemuel_zombie_altar_yredelemnul
D:4:      zin_statuary, uniq_sigmund
D:5:      first_bread, gup_ossuary_entry_pyramid
D:6:      lemuel_doored_altar
D:7:      marbit_many_paths, minmay_temple_entry_from_below_a, serial_shops,
          shop
D:8:      minmay_lair_entry_lava, serial_shops,
          nicolae_shop_competitors_out_of_business
D:9:      hangedman_fish_farm, small_statue_intersection, worms_lemuel
D:10:     serial_shops, nicolae_shop_competitors_out_of_business, basic_altar,
          serial_bayou_lake_a
D:11:     orc_0_dummy
D:14:     david_vaults_1, hangedman_decor_clover_reticule, uniq_azrael
Lair:1:   grunt_megastairs_3
Lair:3:   kennysheep_snail_temple
Lair:4:   minmay_swamp_entry_swarm
Lair:5:   st_stairs_5, grunt_megastairs_2, uniq_maud, uniq_nessos
Lair:6:   spider_nest_entry_a, grunt_megastairs_4
Orc:1:    basic_altar, nicolae_volcano_entry_batcave, trog_book, uniq_snorg
Orc:2:    serial_shops, nicolae_shop_crystal, shop, shop, shop,
          nicolae_shop_statue_plus
Orc:3:    nicolae_orc_pool_cavern, okawaru_metal_pillars_1_2, uniq_erolcha
Orc:4:    st_orc_town, basic_altar, serial_shops, nicolae_shop_waterfront,
          minmay_orc_keep
Ossuary:  ossuary_minmay_tomb_2a
Volcano:  volcano_aerie

Action                   |  1- 3 |  4- 6 |  7- 9 | 10-12 | 13-15 || total
-------------------------+-------+-------+-------+-------+-------++-------
Melee: Trident           |   143 |   180 |   570 |    10 |       ||   903
       Dagger            |    10 |    61 |    45 |     4 |       ||   120
       Halberd           |       |       |    20 |  1038 |   322 ||  1380
       Glaive            |       |       |       |   186 |   575 ||   761
 Fire: Blowgun           |       |       |       |       |     3 ||     3
Throw: Throwing net      |     3 |     4 |     3 |    11 |       ||    21
       Javelin           |       |     7 |       |     5 |     5 ||    17
Evoke: Wand              |       |       |       |     4 |       ||     4
  Use: Potion            |       |     5 |    11 |     9 |     7 ||    32
       Scroll            |       |       |    15 |     5 |     5 ||    25
 Stab: Sleeping          |     4 |     7 |    34 |    38 |    16 ||    99
       Held in net/web   |     1 |     2 |     3 |     1 |       ||     7
       Invisible         |       |       |    14 |       |       ||    14
       Distracted        |       |       |     1 |     5 |     9 ||    15
  Eat: Chunk             |     5 |     7 |    25 |    34 |    26 ||    97
       Beef jerky        |       |       |     3 |     1 |       ||     4
       Bread ration      |       |       |       |     1 |       ||     1
       Fruit             |       |       |       |     5 |     1 ||     6
       Pizza             |       |       |       |     1 |       ||     1
